 Dungeon Crawl Stone Soup version 0.31-a0-507-gbafd7f5274 (webtiles) character file.

Game seed: 11735644438496115632

15371 Jase the Cleaver (level 12, -5/162 HPs)
             Began as a Minotaur Berserker on Aug 9, 2023.
             Was a High Priest of Trog.
             Slain by an ogre
             ... wielding a +0 giant club
             ... led by Lodul
              (7 damage)
             ... on level 11 of the Dungeon.
             The game lasted 00:28:31 (9736 turns).

Jase the Cleaver (Minotaur Berserker)               Turns: 9736, Time: 00:28:32

Health: -5/162     AC: 19    Str: 26    XL:     12   Next: 0%
Magic:  11/11      EV:  8    Int:  4    God:    Trog [*****.]
Gold:   620        SH:  5    Dex: 11    Spells: 11/11 levels left

rFire   + . .        a - +8 trishula "Condemnation" {holy, anguish, *Noise Fly rN+}
rCold   + . .        (no shield)
rNeg    + . .        P - +0 plate armour
rPois   +            (helmet restricted)
rElec   .            Q - scarf {rC+ rF+}
rCorr   .            U - +2 pair of gloves
SInv    +            (no boots)
Will    .....        G - amulet of reflection Stlth
                     T - ring of see invisible
HPRegen 0.47/turn    A - ring of poison resistance
MPRegen 0.12/turn

%: reflection
@: berserking, flying, very quick
A: horns 2, retaliatory headbutt
a: Renounce Religion, Berserk, Trog's Hand, Brothers in Arms


You were on level 11 of the Dungeon.
You worshipped Trog.
Trog was extremely pleased with you.
You visited 1 branch of the dungeon, and saw 11 of its levels.

You collected 620 gold pieces.

Inventory:

Hand Weapons
 a - the +8 trishula "Condemnation" (weapon) {holy, anguish, *Noise Fly rN+}
   (You found it on level 10 of the Dungeon)

   rN+:       It protects you from negative energy.
   Fly:       It grants you flight.
   *Noise:    It may make noises in combat.
 b - a +0 sling
 d - the +6 shillelagh "Devastator" {shatter}
   (You found it on level 7 of the Dungeon)
Missiles
 g - 4 curare-tipped darts
 q - 11 boomerangs
 F - 22 poisoned darts
Armour
 s - the +0 ring mail "Arghucsye" {Fly Stlth+}
   (You found it on level 2 of the Dungeon)

   Fly:       It grants you flight.
   Stlth+:    It makes you more stealthy.
 w - a +0 leather armour of willpower
 P - a +0 plate armour (worn)
 Q - a scarf of resistance (worn)
 R - a +1 scale mail of cold resistance
 U - a +2 pair of gloves (worn)
Jewellery
 m - a ring of positive energy
 n - a ring of fire
 y - a ring of resist corrosion
 A - a ring of poison resistance (right hand)
 D - a ring of ice
 G - an amulet of reflection (around neck)
 J - an amulet of the acrobat
 T - a ring of see invisible (left hand)
Wands
 p - a wand of flame (23)
 v - a wand of iceblast (3)
 K - a wand of digging (1)
 O - a wand of paralysis (20) (quivered)
Scrolls
 c - a scroll of acquirement {unknown}
 h - a scroll of vulnerability {unknown}
 j - a scroll of torment {unknown}
 r - a scroll of poison {unknown}
 u - 2 scrolls of enchant weapon {unknown}
 x - 2 scrolls of revelation {unknown}
 B - 2 scrolls of fear {unknown}
 C - 4 scrolls of fog {unknown}
 L - a scroll of teleportation {unknown}
 M - 3 scrolls of noise {unknown}
 N - a scroll of enchant armour {unknown}
Potions
 e - 5 potions of heal wounds {unknown}
 f - 3 potions of degeneration {unknown}
 i - 3 potions of haste {unknown}
 k - 3 potions of might {unknown}
 l - a potion of curing
 o - a potion of attraction
 t - 4 potions of mutation
 z - 2 potions of berserk rage {unknown}
 E - 3 potions of lignification {unknown}
 I - a potion of enlightenment
 S - 2 potions of cancellation


   Skills:
 + Level 10.6 Fighting
 - Level 13.8(14.1) Axes
 + Level 4.6(10.1) Polearms
 + Level 5.9 Ranged Weapons
 - Level 4.0 Throwing
 + Level 13.6 Armour
 - Level 2.1 Dodging


You had 11 spell levels left.
You didn't know any spells.
Your spell library was empty.

Dungeon Overview and Level Annotations

Branches:
Dungeon (11/15)            Temple (0/1) D:6             Orc (0/2) D:10
   Lair: D:8-11

Altars:
Cheibriados
Gozag
Hepliaklqana
Ru
Sif Muna
Trog
Uskayaw
Vehumet
Xom
Zin
The Shining One

Shops:
D:6 :

Annotations:
D:11 Lodul


Innate Abilities, Weirdness & Mutations

You have a pair of horns on your head.
You reflexively headbutt those who attack you in melee.


Message History

Level annotation: Lodul The howler monkey howls!
The howler monkey hoots and howls with incredible vigour!
The ogre hits you with a +0 giant spiked club.
The ogre hits you with a +0 giant club!
Electricity crackles from Lodul's apparatus.
The bolt of lightning hits you!!
You hear a shout! x2; You hear a howl!
There is a stone staircase leading up, spattered with blood here.
Unknown command.
You fail to use your ability.
The ogre hits you with a +0 giant club!
* * * LOW HITPOINT WARNING * * *
The ogre closely misses you. You block the howler monkey's attack.
The howler monkey hoots and howls with incredible vigour!
The two-headed ogre hits you with a +0 giant spiked club!!
* * * LOW HITPOINT WARNING * * *
The two-headed ogre hits you with a +0 giant club.
* * * LOW HITPOINT WARNING * * *
A yak comes into view.
Unknown command.
Okay, then.
A red film seems to cover your vision as you go berserk!
You feel yourself moving faster!
You feel mighty!
The howler monkey hits you but does no damage.
The ogre barely misses you. You furiously retaliate!
You headbutt the ogre!! The ogre barely misses you.
The howler monkey barely misses you.
Unknown command.
You impale the two-headed ogre!!
The two-headed ogre is haunted by guilt!
You headbutt the two-headed ogre!
The two-headed ogre is severely wounded.
You block the two-headed ogre's attack.
The two-headed ogre hits you with a +0 giant club.
* * * LOW HITPOINT WARNING * * *
The two-headed ogre is wracked by anguish.
You hit the two-headed ogre.
The two-headed ogre is almost dead.
The howler monkey hits you but does no damage.
The ogre hits you with a +0 giant club!
You die...

#.... ...#.#?
#.......#....
.###...~........
........#......#
.........~......
................
..........).#.#.
......[.O...Y...
....O.O@Oh......
......)h........
................
....^...........
.............<..
.....###########
...#. #.##.


You could see Lodul, a two-headed ogre (anguished), a yak, 2 ogres and 2 howler
monkeys.

Vanquished Creatures
  A hydra (D:10)
  Erica (D:11)
  3 two-headed ogres
  A skeletal warrior (D:10)
  A wizard (D:9)
  Pikel (D:5)
  An ugly thing (D:9)
  A manticore (D:10)
  Joseph (D:7)
  A gargoyle (D:6)
  A yaktaur (D:10)
  A rime drake (D:11)
  A shadow (D:9)
  3 wyverns
  7 yaks
  A wraith (D:11)
  2 vampires (D:10)
  A basilisk (D:10)
  Menkaure (D:5)
  An acid dragon (D:10)
  5 water moccasins
  7 orc warriors
  8 ice beasts
  A sky beast (D:7)
  2 black bears
  6 ogres
  3 centaurs
  2 phantoms
  A lemure (D:5)
  A kobold brigand (D:8)
  4 bullfrogs
  3 scorpions
  13 wights
  6 killer bees (D:9)
  2 howler monkeys
  An electric eel (D:9)
  2 bullfrog zombies (D:4)
  A centaur zombie (D:4)
  6 hounds
  A gnoll bouda (D:4)
  2 jellies
  2 orc priests
  2 sleepcaps
  6 orc wizards
  Ijyb (D:3)
  2 iguanas (D:6)
  A scorpion zombie (D:4)
  A hound zombie (D:4)
  Robin (D:3)
  3 gnolls (D:7)
  8 adders
  A white imp (D:8)
  An adder skeleton (D:4)
  A worm (D:4)
  A dart slug (D:1)
  18 orcs
  9 bats
  6 endoplasms
  3 giant cockroaches
  11 goblins
  12 hobgoblins
  8 kobolds
  3 quokkas
  5 ball pythons
  4 frilled lizards
  7 rats
225 creatures vanquished.

Vanquished Creatures (others)
  A two-headed ogre (D:10)
  An ugly thing (D:10)
  A basilisk (D:10)
  An acid dragon (D:10)
  A centaur (D:11)
  An orc (D:10)
6 creatures vanquished.

Grand Total: 231 creatures vanquished

Notes
Turn   | Place    | Note
-------+----------+-------------------------------------------
     0 | D:1      | Jase the Minotaur Berserker began the quest for the Orb.
     0 | D:1      | Reached XP level 1. HP: 19/19 MP: 0/0
   201 | D:1      | Reached XP level 2. HP: 27/27 MP: 1/1
   769 | D:1      | Reached XP level 3. HP: 27/33 MP: 2/2
   918 | D:2      | Reached ** piety under Trog
  1397 | D:2      | Identified the +0 ring mail "Arghucsye" {Fly Stlth+}
  1613 | D:3      | Found a shimmering altar of Xom.
  1802 | D:3      | Noticed Ijyb
  1820 | D:3      | Noticed Robin
  1821 | D:3      | Killed Ijyb
  1822 | D:3      | Reached XP level 4. HP: 33/41 MP: 3/3
  1836 | D:3      | Killed Robin
  2099 | D:3      | Found a shimmering blue altar of Sif Muna.
  2222 | D:3      | Reached skill level 5 in Fighting
  2327 | D:4      | Reached skill level 5 in Axes
  2327 | D:4      | Reached XP level 5. HP: 46/48 MP: 4/4
  2342 | D:4      | Noticed a phantom
  2355 | D:4      | Killed a phantom
  2471 | D:4      | Reached XP level 6. HP: 56/56 MP: 5/5
  2503 | D:4      | Reached *** piety under Trog
  2602 | D:4      | Reached skill level 5 in Armour
  3126 | D:5      | Entered Level 5 of the Dungeon
  3194 | D:5      | Noticed Pikel
  3208 | D:5      | Reached XP level 7. HP: 64/64 MP: 6/6
  3210 | D:5      | Killed Pikel
  3243 | D:5      | Reached XP level 8. HP: 64/73 MP: 7/7
  3455 | D:5      | Noticed Menkaure
  3462 | D:5      | Killed Menkaure
  3733 | D:5      | Found a glowing silver altar of Zin.
  3764 | D:5      | Found an opulent altar of Gozag.
  4116 | D:6      | Reached XP level 9. HP: 78/79 MP: 8/8
  4145 | D:6      | Found a staircase to the Ecumenical Temple.
  4150 | D:6      | Reached skill level 10 in Axes
  4300 | D:6      | Reached **** piety under Trog
  4635 | D:6      | Reached skill level 10 in Armour
  4790 | D:6      | Found Meybrom's Book Shoppe.
  4836 | D:7      | Found the +6 shillelagh "Devastator" {shatter}
  4837 | D:7      | Noticed a gargoyle
  4837 | D:7      | Noticed a two-headed ogre
  4837 | D:7      | Noticed a two-headed ogre
  4846 | D:6      | Killed a gargoyle
  4967 | D:6      | Killed a two-headed ogre
  5031 | D:7      | Killed a two-headed ogre
  5032 | D:7      | Reached XP level 10. HP: 59/86 MP: 9/9
  5202 | D:7      | Found a snail-covered altar of Cheibriados.
  5202 | D:7      | Found a glowing golden altar of the Shining One.
  5444 | D:7      | Reached skill level 1 in Throwing
  5624 | D:7      | Noticed Joseph
  5651 | D:7      | Killed Joseph
  6225 | D:7      | Found a radiant altar of Vehumet.
  6595 | D:8      | Found a hide-covered altar of Uskayaw.
  6849 | D:8      | Found a bloodstained altar of Trog.
  6927 | D:8      | Reached skill level 1 in Ranged Weapons
  7328 | D:9      | Found a hazy altar of Hepliaklqana.
  7603 | D:9      | Reached XP level 11. HP: 95/95 MP: 10/10
  7780 | D:9      | Noticed a wizard
  7795 | D:9      | Killed a wizard
  7804 | D:9      | Noticed a cyan ugly thing
  7825 | D:9      | Killed a cyan ugly thing
  8176 | D:10     | Entered Level 10 of the Dungeon
  8398 | D:10     | Noticed a five-headed hydra
  8459 | D:10     | Killed a five-headed hydra
  8537 | D:10     | Found the +8 trishula "Condemnation" {holy, anguish, *Noise
                  | Fly rN+}
  8732 | D:10     | Found a staircase to the Orcish Mines.
  8775 | D:10     | Reached skill level 1 in Polearms
  8996 | D:10     | Noticed a two-headed ogre
  9001 | D:10     | Killed a two-headed ogre
  9096 | D:10     | Noticed a brown ugly thing
  9101 | D:10     | Killed a brown ugly thing
  9107 | D:10     | Reached ***** piety under Trog
  9348 | D:10     | Noticed a skeletal warrior
  9365 | D:10     | Killed a skeletal warrior
  9366 | D:10     | Reached skill level 10 in Fighting
  9366 | D:10     | Reached skill level 5 in Ranged Weapons
  9465 | D:10     | Found a sacrificial altar of Ru.
  9612 | D:11     | Noticed a two-headed ogre
  9630 | D:11     | Noticed Erica
  9656 | D:11     | Killed a two-headed ogre
  9672 | D:11     | Killed Erica
  9710 | D:11     | Noticed a two-headed ogre
  9720 | D:11     | Noticed Lodul
  9728 | D:10     | Reached XP level 12. HP: 64/108 MP: 11/11
  9733 | D:11     | HP: 2/108 [two-headed ogre/+0 giant spiked club (18)]
  9736 | D:11     | Slain by an ogre

Illustrated notes

Levels and vault maps discovered:
D:1:      tekkud_arrival_beachfront_property, layout_loops_ring
D:2:      layout_basic, minmay_heptomino_d4
D:3:      layout_loops_ring, mainiacjoe_overflow_small_starburst,
          xom_teletrap_fun, grunt_decor_mini_mirrors, nicolae_goblin_pals
D:4:      minmay_door_path, layout_basic, serial_undead, serial_undead_a,
          serial_undead_f, serial_undead_b, serial_undead_e, minmay_ruptured
D:5:      layout_cave_pools, pdpol_temple_overflow_zin_treasury_gozag_greed,
          uniq_menkaure, uniq_pikel
D:6:      layout_basic, minmay_temple_entry_mist, serial_shops,
          nicolae_lakefront_shop, st_stairs_14, ebering_dispersal_statue_hall,
          grunt_ministairs_1, roderic_batcave
D:7:      black_bear_nest_2, layout_basic, lemuel_coloured_pillars_altar,
          gammafunk_temple_overflow_wave, dilly_guarded_unrand_devastator,
          uniq_joseph
D:8:      layout_loops_cross, bloody_trog, mainiacjoe_overflow_six_doors_small
D:9:      kennysheep_big_flooded_room, layout_basic,
          mainiacjoe_overflow_24_doors
D:10:     minmay_cut_squares, layout_stronghold,
          nicolae_ru_the_path_less_chosen, columned_hall_lemuel
D:11:     layout_cross, hellmonk_lair_entry_icy,
          portal_ice_cave_entry_pillars_2, kennysheep_pointless_box,
          st_stairs_3, grunt_potential, uniq_psyche, uniq_lodul, uniq_erica

Skill      XL: |  1  2  3  4  5  6  7  8  9 10 11 |
---------------+----------------------------------+-----
Fighting       | 4 5 6 7 8 10 | 10.6
Axes           | 4 5 6 7 9 12 13 | 13.8
Armour         | 3 4 5 6 9 11 12 13 | 13.6
Throwing       | 4 |  4.0
Ranged Weapons | 2 5 |  5.9
Polearms       | 4 |  4.6
Dodging        | |  2.1

Action                     |  1- 3 |  4- 6 |  7- 9 | 10-12 || total
---------------------------+-------+-------+-------+-------++-------
  Melee: Hand axe          |   120 |    85 |       |       ||   205
         Headbutt          |    11 |    22 |    19 |    77 ||   129
         Punch             |     1 |     3 |     3 |     6 ||    13
         War axe           |       |    20 |   131 |   167 ||   318
         Battleaxe         |       |       |       |   118 ||   118
         Trishula          |       |       |       |    89 ||    89
         Whip              |       |       |       |     5 ||     5
   Fire: Sling             |       |       |       |     3 ||     3
 Invoke: Berserk           |       |     1 |     3 |     6 ||    10
         Trog's Hand       |       |       |       |     1 ||     1
  Evoke: Wand              |       |       |       |     1 ||     1
    Use: Scroll            |       |       |       |     7 ||     7
         Potion            |       |       |       |     1 ||     1
   Stab: Paralysed         |       |       |       |     1 ||     1
 Armour: Chain mail        |    41 |    65 |    44 |       ||   150
         Animal skin       |     3 |       |       |       ||     3
         Plate armour      |       |       |    12 |   199 ||   211
  Dodge: Dodged            |    63 |    49 |    47 |   114 ||   273
  Block: Other             |       |     3 |    23 |    78 ||   104
         Reflection        |       |       |     2 |     4 ||     6

Table legend: (Time is in decaauts)
 A = Elapsed time spent in this place.
 B = Non-inter-level travel time spent in this place.
 C = Inter-level travel time spent in this place.
 D = Time resting spent in this place.
 E = Time spent auto-exploring this place.
 F = Levels seen in this place.
 G = Mean time per level.
                   A        B        C        D        E       F      G
               +--------+--------+--------+--------+--------+-----+--------+
         Total |   9819 |   9409 |    410 |   1631 |   5856 |  11 |  892.6 |
       Dungeon |   9819 |   9409 |    410 |   1631 |   5856 |  11 |  892.6 |
               +--------+--------+--------+--------+--------+-----+--------+

Top non-repeatable levels by time:
    D:10: 1405 daAuts
     D:7: 1302 daAuts
     D:9: 1223 daAuts
     D:6: 1196 daAuts
     D:1: 825 daAuts
     D:4: 814 daAuts
     D:2: 794 daAuts
     D:8: 777 daAuts
     D:5: 729 daAuts
     D:3: 703 daAuts
    D:11: 46 daAuts
